 Dungeon Crawl Stone Soup version 0.22-a0-414-gacd343e (webtiles) character file.

126186 galech the Commander (level 16, -5/125 HPs)
             Began as a Gnoll Wanderer on May 13, 2018.
             Was a High Priest of Okawaru.
             Slain by a red ugly thing (8 damage)
             ... summoned by a boggart
             ... on level 1 of the Depths.
             The game lasted 01:28:01 (27256 turns).

galech the Commander (Gnoll Wanderer)              Turns: 27256, Time: 01:28:02

Health: -5/125     AC: 21    Str: 13    XL:     16   Next: 97%
Magic:  31/31      EV: 17    Int: 16    God:    Okawaru [*****.]
Gold:   1339       SH:  2    Dex: 25    Spells: 32/37 levels left

rFire    + . .     SeeInvis .   e - +7 triple sword (venom)
rCold    . . .     Gourm    .   (shield currently unavailable)
rNeg     . . .     Faith    .   K - +4 troll leather armour
rPois    .         Spirit   .   R - +0 hat of Quantum Leap {rF+}
rElec    .         Reflect  +   B - +0 cloak
rCorr    .         Harm     .   v - +0 pair of gloves
MR       +....                  z - +2 pair of boots "Fuduac" {Dex+3}
Stlth    +++.......             L - +2 amulet of reflection
HPRegen  0.70/turn              W - +5 ring of protection
MPRegen  0.22/turn              i - +3 ring of slaying

@: very heavily drained
A: distributed training, fangs 1, molten scales 1, blurry vision 1, subdued
magic 1, MP-powered wands, strong nose
a: Heroism, Finesse, Renounce Religion


You were on level 1 of the Depths.
You worshipped Okawaru.
Okawaru was extremely pleased with you.
You were not hungry.

You visited 6 branches of the dungeon, and saw 26 of its levels.
You visited the Abyss 3 times.
You also visited: Labyrinth, Sewer and Ossuary.

You collected 2851 gold pieces.
You spent 1512 gold pieces at shops.

Inventory:

Hand Weapons
 c - the +5 great mace "Yshem" {crush, Str+3}
   (You found it on level 2 of the Abyss)

   It inflicts extra damage upon your enemies.
   It affects your strength (+3).
 e - a +7 triple sword of venom (weapon)
 l - the +8 mace of Usha {flame, rC+}
   (You took it off a human on level 13 of the Dungeon)

   It has been specially enchanted to burn those struck by it, causing extra
   injury to most foes and up to half again as much damage against particularly
   susceptible opponents.
   It protects you from cold.
 q - the +2 shortbow of Starshine {speed, Int+9 Dex-3}
   (Okawaru gifted it to you on level 2 of the Orcish Mines)

   Attacks with this weapon are significantly faster.
   It affects your intelligence (+9).
   It affects your dexterity (-3).
Missiles
 k - 562 arrows
Armour
 m - the +2 plate armour of Saroun {rN+ Dex+2 Stlth+}
   (Okawaru gifted it to you on level 1 of the Elven Halls)

   It affects your dexterity (+2).
   It protects you from negative energy.
   It makes you more stealthy.
 s - the +6 plate armour of the New World {Dex+5}
   (Okawaru gifted it to you on level 13 of the Dungeon)

   It affects your dexterity (+5).
 v - a +0 pair of gloves (worn)
 w - a +0 chain mail of fire resistance
 z - the +2 pair of boots "Fuduac" (worn) {Dex+3}
   (You bought it in a shop on level 2 of the Orcish Mines)

   It affects your dexterity (+3).
 B - a +0 cloak (worn)
 K - a +4 troll leather armour (worn)
 M - a +1 crystal plate armour
 R - the +0 hat of Quantum Leap (worn) {rF+}
   (You found it on level 9 of the Dungeon)

   It protects you from fire.
Jewellery
 i - a +3 ring of slaying (right hand)
 D - an uncursed ring of ice
 E - an uncursed amulet of regeneration
 F - a +3 ring of strength
 H - an uncursed ring of see invisible
 L - a +2 amulet of reflection (around neck)
 S - an uncursed amulet of faith
 U - an uncursed amulet of guardian spirit
 V - an uncursed ring of protection from fire
 W - a +5 ring of protection (left hand)
Scrolls
 a - 2 scrolls of magic mapping
 d - 4 scrolls of brand weapon
 g - a scroll of holy word
 h - 4 scrolls of fog
 n - a scroll of acquirement
 o - 2 scrolls of teleportation
 p - 8 scrolls of enchant armour
 r - 4 scrolls of amnesia
 y - 3 scrolls of blinking
 A - 6 scrolls of remove curse
 C - 3 scrolls of fear
 I - a scroll of silence
 O - 10 scrolls of identify
 T - a scroll of summoning
Potions
 b - 2 potions of haste
 j - a potion of magic
 t - 6 potions of might
 u - 5 potions of agility
 x - 7 potions of brilliance
 G - 4 potions of flight
 N - 4 potions of berserk rage
 P - 3 potions of ambrosia
 Q - 4 potions of resistance
 Z - a potion of invisibility
Comestibles
 f - 41 rations


   Skills:
 + Level 11.3(5.6) Fighting
 + Level 11.0(5.4) Short Blades
 + Level 11.8(6.1) Long Blades
 + Level 11.0(5.4) Axes
 + Level 11.0(5.4) Maces & Flails
 + Level 11.0(5.4) Polearms
 + Level 11.0(5.4) Staves
 + Level 11.0(5.4) Slings
 + Level 11.0(5.4) Bows
 + Level 11.0(5.4) Crossbows
 + Level 11.3(5.6) Throwing
 + Level 11.0(5.4) Armour
 + Level 11.3(5.6) Dodging
 + Level 11.2(5.6) Stealth
 + Level 11.3(5.6) Shields
 + Level 11.0(5.4) Unarmed Combat
 + Level 11.3(5.6) Spellcasting
 + Level 9.3(3.9) Conjurations
 + Level 10.1(4.6) Hexes
 + Level 9.3(3.9) Charms
 + Level 9.3(3.9) Summonings
 + Level 9.3(3.9) Necromancy
 + Level 9.3(3.9) Translocations
 + Level 9.3(3.9) Transmutations
 + Level 9.3(3.9) Fire Magic
 + Level 9.3(3.9) Ice Magic
 + Level 9.3(3.9) Air Magic
 + Level 9.3(3.9) Earth Magic
 + Level 9.3(3.9) Poison Magic
 + Level 11.9(6.1) Invocations
 + Level 11.0(5.4) Evocations


You had 32 spell levels left.
You knew the following spells:

 Your Spells              Type           Power        Failure   Level  Hunger
a - Fireball              Conj/Fire      ##........   63%         5    ######.

Your spell library contained the following spells:

 Spells                   Type           Power        Failure   Level  Hunger
 Magic Dart               Conj           ##..         2%          1    None
 Conjure Flame            Conj/Fire      ##......     9%          3    ##.....
 Bolt of Cold             Conj/Ice       ##........   99%         6    #######
 Slow                     Hex            ##......     3%          2    #......
 Mephitic Cloud           Conj/Pois/Air  ##......     9%          3    ##.....
 Summon Small Mammal      Summ           ##..         2%          1    None
 Blink                    Tloc           N/A          4%          2    #......
 Iskenderun's Mystic Bla  Conj           ##......     30%         4    ####...
 Summon Ice Beast         Ice/Summ       ##......     30%         4    ####...
 Ozocubu's Armour         Chrm/Ice       ##......     9%          3    ##.....
 Call Imp                 Summ           ##......     4%          2    #......
 Summon Demon             Summ           ##........   63%         5    ######.
 Swiftness                Chrm/Air       ##......     4%          2    #......
 Spider Form              Tmut/Pois      ##........   9%          3    ##.....
 Blade Hands              Tmut           ##........   63%         5    ######.
 Ice Form                 Ice/Tmut       ##......     30%         4    ####...
 Throw Icicle             Conj/Ice       ##......     30%         4    ####...
 Sticks to Snakes         Tmut           ##......     4%          2    #......
 Call Canine Familiar     Summ           ##......     9%          3    ##.....
 Summon Butterflies       Summ           ##......     2%          1    None
 Summon Hydra             Summ           ##........   100%        7    #######
 Aura of Abjuration       Summ           ##........   63%         5    ######.
 Beastly Appendage        Tmut           ##....       2%          1    None
 Searing Ray              Conj           ##....       4%          2    #......
 Discord                  Hex            ##........   100%        8    #######
 Summon Lightning Spire   Summ/Air       ##......     30%         4    ####...
 Summon Guardian Golem    Hex/Summ       ##......     7%          3    ##.....
 Summon Mana Viper        Hex/Summ       ##......     58%         5    ######.
 Poisonous Vapours        Pois/Air       ##....       4%          2    #......


Dungeon Overview and Level Annotations

Branches:
Dungeon (15/15)            Temple (1/1) D:7            Lair (6/6) D:9
 Shoals (0/4) Lair:3        Snake (0/4) Lair:4        Slime (0/5) Lair:5
    Orc (2/2) D:11            Elf (1/3) Orc:2        Vaults (0/5) D:13
 Depths (1/5) D:15

Altars:
Ashenzari
Cheibriados
Dithmenos
Elyvilon
Fedhas
Gozag
Hepliaklqana
Kikubaaqudgha
Makhleb
Nemelex Xobeh
Okawaru
Qazlal
Ru
Sif Muna
Trog
Uskayaw
Vehumet
Wu Jian
Xom
Yredelemnul
Zin
The Shining One
Beogh
Jiyva

Shops:
D:4 *   D:9 [   D:13 }   Orc:1 *   Orc:2 *[(:

Portals:
Trove: D:10 (give 8 potions of haste)


Innate Abilities, Weirdness & Mutations

Your experience applies equally to all skills.
You have very sharp teeth.
Your uncanny sense of smell can sniff out nearby items.
You are partially covered in molten scales. (AC +2)
Scrolls take you a little longer to read.
Your spells are a little easier to cast, but a little less powerful.
You expend magic power (3 MP) to strengthen your wands.


Message History

The cyan ugly thing punches you but does no damage.
The cyan ugly thing closely misses you.
You are too injured to fight recklessly!
You slice the cyan ugly thing!!
The cyan ugly thing looks as sick as possible!
You bite the cyan ugly thing.
The cyan ugly thing is severely wounded.
The red ugly thing bites you but does no damage.
The cyan ugly thing punches you.
* * * LOW HITPOINT WARNING * * *
The cyan ugly thing shocks you!
* * * LOW HITPOINT WARNING * * *
The cyan ugly thing barely misses you.
You riposte.
You hit the cyan ugly thing.
The cyan ugly thing is poisoned.
You bite the cyan ugly thing.
The cyan ugly thing is heavily wounded.
You hear some strange, mumbled words.
The great orb of eyes pulsates ominously.
The red ugly thing bites you!
You die...

#.ยง.c..........# #.#
.....#.###.....## #.#
.##.##.###.##### #.#
........#.########.##
### ##...............#
#.#.#.##.#####..#
#.#G#.##.# #..#
#Q#u#{##.#####..#
#{u@uQTTT.......#
##(###Z##.#####..#
........TT...........
###.###.##.#####..####
#.# #.##.# #..# ###
###### ####


You could see a great orb of eyes, 3 ugly things, a tengu warrior, 4 deep
trolls, a deep troll shaman, a tengu conjurer and a fire dragon skeleton.

Vanquished Creatures
  Rupert (Orc:2)
  A tentacled starspawn (Abyss:2)
  Kirke (D:12)
  A deep elf demonologist (Elf:1)
  A stone giant (Depths:1)
  Nessos (D:12)
  A minotaur (Lab)
  Snorg (D:13)
  A fire dragon (Depths:1)
  Josephine (Lair:6)
  The ghost of Mgcat the Spear-Bearer, a journeyman MfGl of Okawaru (D:8)
  Erolcha (Orc:2)
  9 hydras
  4 vault guards (D:13)
  4 catoblepae
  4 centaur warriors
  An ogre mage (D:13)
  5 dancing weapons (Elf:1)
  10 death yaks
  A tengu warrior (D:10)
  5 two-headed ogres
  3 thrashing horrors (Abyss:2)
  3 deep elf knights
  An orc high priest (Orc:2)
  9 skeletal warriors (D:15)
  A spatial maelstrom (Abyss:2)
  5 unseen horrors
  2 deep elf archers (Elf:1)
  2 wizards (D:15)
  A necromancer (D:15)
  9 orc knights
  An orb spider (shapeshifter) (D:14)
  4 cyclopes
  2 ugly things (D:11)
  2 oklob plants (Lair:3)
  3 orc sorcerers
  11 deep elf magi
  6 manticores
  Joseph (D:8)
  A black mamba (shapeshifter) (Elf:1)
  5 centaur zombies
  A naga mage (D:15)
  9 black mambas
  3 gargoyles
  2 smoke demons (Abyss:2)
  3 torpor snails
  5 spiny frogs
  A rime drake (Lair:2)
  A kobold demonologist (D:10)
  2 efreet
  2 ancient zymes (Abyss:2)
  10 komodo dragons
  6 trolls
  A wind drake (shapeshifter) (D:13)
  A harpy skeleton (D:15)
  A hornet (D:14)
  10 hippogriffs
  15 blink frogs
  2 centaur simulacra (D:15)
  5 dream sheep
  An air elemental (Elf:1)
  5 flying skulls (Abyss:2)
  A shadow (Abyss:2)
  A redback (shapeshifter) (Elf:1)
  2 redbacks (Lab)
  A yak (shapeshifter) (D:15)
  2 large abominations (Abyss:2)
  3 wraiths (Lair:5)
  2 vampires
  A fire elemental (Elf:1)
  2 wyverns
  60 yaks
  A hog (D:12)
  A human (D:13)
  A water elemental (Elf:1)
  3 basilisks
  A neqoxec (Abyss:2)
  7 hungry ghosts
  11 wargs
  The ghost of Borgoz the Skirmisher, an amateur GrAK of Lugonu (D:4)
  2 soldier ants (D:10)
  14 water moccasins
  3 hell hounds
  39 orc warriors
  9 porcupines
  5 sky beasts
  A fire dragon simulacrum (Abyss:2)
  2 hornet zombies
  4 ice beasts
  2 black bears
  15 ogres
  3 phantoms
  2 eyes of draining
  10 wolves
  A necrophage (D:8)
  12 centaurs
  9 crocodiles
  Blork the orc (D:4)
  7 big kobolds
  20 bullfrogs
  6 scorpions
  15 killer bees
  3 howler monkeys
  7 wights (D:7)
  2 electric eels (Lair:3)
  6 crimson imps
  20 starcursed masses
  3 bullfrog zombies
  7 jellies
  4 hounds
  4 small abominations (Abyss:2)
  12 orc priests
  5 bullfrog skeletons
  Crazy Yiuf (D:4)
  4 centaur skeletons
  Jessica (D:2)
  6 iguanas
  Ijyb (D:5)
  14 orc wizards
  14 worker ants
  3 big kobold zombies (Ossuary)
  2 mummies (Ossuary)
  A worker ant zombie (D:9)
  15 adders
  7 gnolls (D:8)
  5 howler monkey skeletons
  4 shadow imps
  An ufetubus (Abyss:2)
  2 oozes
  An adder zombie (D:9)
  3 adder skeletons
  2 worms
  11 leopard geckos
  76 orcs
  5 ball pythons (Sewer)
  11 bats
  4 giant cockroaches
  8 hobgoblins
  16 jackals
  6 quokkas
  11 frilled lizards
  A gnoll zombie (Ossuary)
  5 goblins
  2 goblin zombies (Ossuary)
  3 hobgoblin zombies (Ossuary)
  41 kobolds
  5 orc zombies (Ossuary)
  6 rats
  2 plants (Lair:3)
  2 starspawn tentacles (Abyss:2)
871 creatures vanquished.

Vanquished Creatures (others)
  A starcursed mass (Elf:1)
  3 humans (D:12)
  An orc (D:15)
  A kobold (D:11)
  A bush (Abyss:2)
  3 demonic plants (Abyss:2)
  13 fungi
  6 plants
  2 starspawn tentacles (Abyss:2)
31 creatures vanquished.

Grand Total: 902 creatures vanquished

Notes
Turn   | Place    | Note
-------+----------+-------------------------------------------
     0 | D:1      | galech the Gnoll Wanderer began the quest for the Orb.
     0 | D:1      | galech set off with: a +2 dagger, a potion of haste, a potion of curing, a potion of lignification, a +0 robe, a ration
     0 | D:1      | Reached XP level 1. HP: 17/17 MP: 4/4
   222 | D:1      | Reached XP level 2. HP: 23/23 MP: 5/5
   716 | D:2      | Reached XP level 3. HP: 24/28 MP: 7/7
   804 | D:2      | Reached skill level 1 in Invocations
   882 | D:2      | Found a stormy altar of Qazlal.
   885 | D:2      | Found an ancient bone altar of Kikubaaqudgha.
   908 | D:2      | Reached skill level 1 in Short Blades
   908 | D:2      | Reached skill level 1 in Axes
   908 | D:2      | Reached skill level 1 in Maces & Flails
   908 | D:2      | Reached skill level 1 in Polearms
   908 | D:2      | Reached skill level 1 in Staves
   908 | D:2      | Reached skill level 1 in Slings
   908 | D:2      | Reached skill level 1 in Bows
   908 | D:2      | Reached skill level 1 in Crossbows
   908 | D:2      | Reached skill level 1 in Armour
   908 | D:2      | Reached skill level 1 in Unarmed Combat
   908 | D:2      | Reached skill level 1 in Evocations
   908 | D:2      | Reached XP level 4. HP: 34/34 MP: 8/8
  1349 | D:2      | Noticed Jessica
  1352 | D:2      | Killed Jessica
  1352 | D:2      | Reached skill level 1 in Conjurations
  1352 | D:2      | Reached skill level 1 in Charms
  1352 | D:2      | Reached skill level 1 in Summonings
  1352 | D:2      | Reached skill level 1 in Necromancy
  1352 | D:2      | Reached skill level 1 in Translocations
  1352 | D:2      | Reached skill level 1 in Transmutations
  1352 | D:2      | Reached skill level 1 in Fire Magic
  1352 | D:2      | Reached skill level 1 in Ice Magic
  1352 | D:2      | Reached skill level 1 in Air Magic
  1352 | D:2      | Reached skill level 1 in Earth Magic
  1352 | D:2      | Reached skill level 1 in Poison Magic
  1394 | D:2      | Found a hazy altar of Hepliaklqana.
  1396 | D:2      | Found a white marble altar of Elyvilon.
  1515 | D:3      | Found a glowing drain.
  1548 | D:3      | Reached XP level 5. HP: 32/40 MP: 9/9
  1580 | Sewer    | Entered a sewer
  1708 | Sewer    | Noticed a big kobold
  1731 | Sewer    | Killed a big kobold
  1766 | Sewer    | Noticed a big kobold
  1813 | Sewer    | Killed a big kobold
  1813 | Sewer    | Reached XP level 6. HP: 28/47 MP: 9/11
  2176 | D:3      | Reached skill level 5 in Long Blades
  2398 | D:3      | Gained mutation: You are partially covered in slimy green scales. (AC +2) [potion of mutation]
  2398 | D:3      | Gained mutation: You are agile. (Dex +2) [potion of mutation]
  2398 | D:3      | Gained mutation: You are somewhat resistant to further mutation. [potion of mutation]
  2881 | D:4      | Reached XP level 7. HP: 5/52 MP: 12/12
  3248 | D:4      | Noticed Blork the orc
  3265 | D:4      | Killed Blork the orc
  3337 | D:4      | Noticed Borgoz's ghost (amateur GrAK)
  3354 | D:4      | Killed Borgoz's ghost
  3402 | D:4      | Found Nekkom's General Store.
  3415 | D:4      | Bought a scroll of enchant armour for 90 gold pieces
  3415 | D:4      | Bought a scroll of identify for 24 gold pieces
  3415 | D:4      | Bought a scroll of identify for 24 gold pieces
  3517 | D:4      | Found a runed door.
  3807 | D:4      | Bought 3 scrolls of remove curse for 108 gold pieces
  3849 | D:4      | Noticed Crazy Yiuf
  3857 | D:4      | Killed Crazy Yiuf
  3910 | D:5      | Entered Level 5 of the Dungeon
  3984 | D:5      | Reached XP level 8. HP: 42/60 MP: 14/14
  4106 | D:5      | Found a basalt altar of Yredelemnul.
  4328 | D:5      | Noticed Ijyb
  4336 | D:5      | Killed Ijyb
  4754 | D:6      | Reached XP level 9. HP: 58/66 MP: 16/16
  4945 | D:7      | Found a sand-covered staircase.
  4954 | Ossuary  | Entered an ossuary
  4977 | Ossuary  | Reached skill level 5 in Hexes
  5164 | D:7      | Reached skill level 5 in Spellcasting
  5193 | D:7      | Found a snail-covered altar of Cheibriados.
  5324 | D:7      | Reached skill level 5 in Fighting
  5324 | D:7      | Reached skill level 5 in Throwing
  5324 | D:7      | Reached skill level 5 in Dodging
  5324 | D:7      | Reached skill level 5 in Shields
  5457 | D:7      | Reached skill level 5 in Stealth
  5489 | D:7      | Found a staircase to the Ecumenical Temple.
  5498 | Temple   | Entered the Ecumenical Temple
  5548 | Temple   | Became a worshipper of Warmaster Okawaru
  5709 | D:7      | Found a burning altar of Makhleb.
  5727 | D:7      | Reached skill level 5 in Invocations
  5898 | D:7      | Noticed an Executioner
  5901 | D:7      | Noticed a hellwing
  5901 | D:7      | Noticed an orange demon
  6024 | D:8      | Noticed a two-headed ogre
  6032 | D:8      | Reached * piety under Okawaru
  6032 | D:8      | Reached XP level 10. HP: 69/74 MP: 18/18
  6044 | D:8      | Killed a two-headed ogre
  6044 | D:8      | Reached ** piety under Okawaru
  6044 | D:8      | Reached skill level 5 in Short Blades
  6044 | D:8      | Reached skill level 5 in Axes
  6044 | D:8      | Reached skill level 5 in Maces & Flails
  6044 | D:8      | Reached skill level 5 in Polearms
  6044 | D:8      | Reached skill level 5 in Staves
  6044 | D:8      | Reached skill level 5 in Slings
  6044 | D:8      | Reached skill level 5 in Bows
  6044 | D:8      | Reached skill level 5 in Crossbows
  6044 | D:8      | Reached skill level 5 in Armour
  6044 | D:8      | Reached skill level 5 in Unarmed Combat
  6044 | D:8      | Reached skill level 5 in Evocations
  6267 | D:8      | Noticed Joseph
  6282 | D:8      | Killed Joseph
  6448 | D:8      | Noticed Mgcat's ghost (journeyman MfGl)
  6749 | D:9      | Found a staircase to the Lair.
  6912 | D:9      | Got a jewelled hat
  6918 | D:9      | Identified the +0 hat of Quantum Leap {rF+} (You found it on level 9 of the Dungeon)
  6940 | D:9      | Found Moamuw's Antique Armour Shoppe.
  6948 | D:9      | Bought a shiny troll leather armour for 450 gold pieces
  6973 | D:9      | Found a glowing silver altar of Zin.
  7147 | D:9      | Noticed a two-headed ogre
  7154 | D:9      | Killed a two-headed ogre
  7154 | D:9      | Reached *** piety under Okawaru
  7487 | D:10     | Entered Level 10 of the Dungeon
  7497 | D:10     | Reached XP level 11. HP: 75/81 MP: 20/20
  7577 | D:10     | Reached **** piety under Okawaru
  7614 | D:10     | Killed an unseen horror
  7668 | D:10     | Noticed a tengu warrior
  7669 | D:10     | Noticed a cyclops
  7681 | D:10     | Killed a tengu warrior
  7681 | D:10     | Reached skill level 5 in Conjurations
  7681 | D:10     | Reached skill level 5 in Charms
  7681 | D:10     | Reached skill level 5 in Summonings
  7681 | D:10     | Reached skill level 5 in Necromancy
  7681 | D:10     | Reached skill level 5 in Translocations
  7681 | D:10     | Reached skill level 5 in Transmutations
  7681 | D:10     | Reached skill level 5 in Fire Magic
  7681 | D:10     | Reached skill level 5 in Ice Magic
  7681 | D:10     | Reached skill level 5 in Air Magic
  7681 | D:10     | Reached skill level 5 in Earth Magic
  7681 | D:10     | Reached skill level 5 in Poison Magic
  7690 | D:10     | Killed a cyclops
  7953 | D:10     | Received a gift from Okawaru
  8118 | D:10     | Got a pitted quarterstaff
  8119 | D:10     | Identified the +7 quarterstaff of Beyond {drain, *Corrode +Fly Int+3 SInv} (You found it on level 10 of the Dungeon)
  8305 | D:10     | Found a portal to a secret trove of treasure.
  8462 | D:11     | Noticed a two-headed ogre
  8471 | D:11     | Killed a two-headed ogre
  8471 | D:11     | Reached ***** piety under Okawaru
  8478 | D:11     | Noticed a catoblepas
  8507 | D:11     | Killed a catoblepas
  8673 | D:11     | Found a staircase to the Orcish Mines.
  8968 | D:11     | Reached XP level 12. HP: 71/91 MP: 21/23
  9718 | D:8      | Killed Mgcat's ghost
 10257 | Orc:1    | Entered Level 1 of the Orcish Mines
 10278 | Orc:1    | Found Ethoco's Eclectic Emporium.
 10305 | Orc:1    | Bought a scroll of enchant armour for 127 gold pieces
 10699 | Orc:1    | Received a gift from Okawaru
 10932 | Orc:2    | Entered Level 2 of the Orcish Mines
 10932 | Orc:2    | Found a staircase to the Elven Halls.
 10932 | Orc:2    | Noticed Erolcha
 11023 | Orc:2    | Killed Erolcha
 11125 | Orc:2    | Received a gift from Okawaru
 11237 | Orc:2    | Noticed an orc high priest
 11342 | Orc:1    | Found a roughly hewn altar of Beogh.
 11554 | Orc:2    | Reached ****** piety under Okawaru
 11561 | Orc:2    | Killed an orc high priest
 11561 | Orc:2    | Received a gift from Okawaru
 11719 | Orc:2    | Noticed Rupert
 11732 | Orc:2    | Killed Rupert
 11732 | Orc:2    | Received a gift from Okawaru
 11732 | Orc:2    | Reached XP level 13. HP: 84/98 MP: 18/25
 11764 | Orc:2    | Got a slimy broad axe {god gift}
 11773 | Orc:2    | Identified the +1 broad axe "Nulumiho" {chop, *Slow Int+3} (Okawaru gifted it to you on level 2 of the Orcish Mines)
 12038 | Orc:2    | Found Jimikam's Antique Weapon Shop.
 12038 | Orc:2    | Found Cocip's Book Shoppe.
 12103 | Orc:2    | Found a roughly hewn altar of Beogh.
 12366 | Orc:2    | Found Rakoir's General Store.
 12366 | Orc:2    | Found Comnaby's Armour Shoppe.
 12422 | Orc:2    | Received a gift from Okawaru
 12432 | Orc:2    | Got a bloodstained shortbow {god gift}
 12433 | Orc:2    | Identified the +2 shortbow of Starshine {speed, Int+9 Dex-3} (Okawaru gifted it to you on level 2 of the Orcish Mines)
 12518 | Orc:2    | Found a roughly hewn altar of Beogh.
 12650 | Orc:2    | Bought a scroll of identify for 28 gold pieces
 12650 | Orc:2    | Bought a scroll of identify for 28 gold pieces
 12650 | Orc:2    | Bought 2 scrolls of identify for 56 gold pieces
 12650 | Orc:2    | Bought a scroll of enchant armour for 105 gold pieces
 12659 | Orc:2    | Bought the +2 pair of boots "Fuduac" {Dex+3} for 472 gold pieces
 13151 | Lair:1   | Entered Level 1 of the Lair of Beasts
 13721 | Lair:1   | Received a gift from Okawaru
 14013 | Lair:1   | Received a gift from Okawaru
 14288 | Lair:2   | Identified a scroll of acquirement
 14334 | Lair:2   | Received a gift from Okawaru
 14440 | Lair:2   | Received a gift from Okawaru
 15206 | Lair:3   | Reached XP level 14. HP: 108/108 MP: 27/27
 15936 | Lair:3   | Found a staircase to the Shoals.
 16211 | Lair:3   | Reached skill level 10 in Long Blades
 16325 | Lair:4   | Received a gift from Okawaru
 16455 | Lair:4   | Found a snail-covered altar of Cheibriados.
 16581 | Lair:4   | Received a gift from Okawaru
 16638 | Lair:4   | Found a staircase to the Snake Pit.
 17161 | Lair:5   | Found a labyrinth entrance.
 17170 | Lab      | Entered a labyrinth
 17318 | Lab      | Reached skill level 10 in Invocations
 17488 | Lab      | HP: 4/108 [minotaur/flail (16)]
 18197 | Lair:5   | Found a viscous altar of Jiyva.
 18197 | Lair:5   | Found a staircase to the Slime Pits.
 18385 | Lair:6   | Entered Level 6 of the Lair of Beasts
 19151 | Lair:6   | Noticed Josephine
 19264 | Lair:5   | Reached XP level 15. HP: 115/115 MP: 28/28
 19281 | Lair:6   | Killed Josephine
 19281 | Lair:6   | Reached skill level 10 in Spellcasting
 19595 | Lair:6   | Received a gift from Okawaru
 19602 | Lair:6   | Got an encrusted helmet {god gift}
 19613 | Lair:6   | Identified the -2 helmet "Unuecs" {rPois rN+ Str-2} (Okawaru gifted it to you on level 6 of the Lair of Beasts)
 19765 | Lair:6   | Reached skill level 10 in Fighting
 19765 | Lair:6   | Reached skill level 10 in Throwing
 19765 | Lair:6   | Reached skill level 10 in Dodging
 19765 | Lair:6   | Reached skill level 10 in Shields
 19825 | Lair:6   | Reached skill level 10 in Stealth
 20154 | Lair:6   | Identified the Incunabulum of Poisoning and Conjuration
 20421 | D:12     | Noticed Kirke
 20430 | D:12     | Noticed a sphinx
 20431 | D:12     | Noticed Nessos
 20431 | D:12     | Killed Kirke
 20437 | D:12     | Killed Nessos
 20574 | D:12     | Reached skill level 10 in Short Blades
 20574 | D:12     | Reached skill level 10 in Axes
 20574 | D:12     | Reached skill level 10 in Maces & Flails
 20574 | D:12     | Reached skill level 10 in Polearms
 20574 | D:12     | Reached skill level 10 in Staves
 20574 | D:12     | Reached skill level 10 in Slings
 20574 | D:12     | Reached skill level 10 in Bows
 20574 | D:12     | Reached skill level 10 in Crossbows
 20574 | D:12     | Reached skill level 10 in Armour
 20574 | D:12     | Reached skill level 10 in Unarmed Combat
 20574 | D:12     | Reached skill level 10 in Evocations
 20611 | D:12     | Received a gift from Okawaru
 21013 | D:12     | Received a gift from Okawaru
 21565 | D:13     | Received a gift from Okawaru
 21576 | D:13     | Got a heavily runed plate armour {god gift}
 21623 | D:13     | Identified the +6 plate armour of the New World {Dex+5} (Okawaru gifted it to you on level 13 of the Dungeon)
 21663 | D:13     | Noticed Snorg
 21678 | D:13     | Killed Snorg
 21706 | D:13     | Paralysed by an orc sorcerer for 7 turns
 21748 | D:13     | Found a gate to the Vaults.
 22025 | D:13     | Got an ancient mace {flame}
 22026 | D:13     | Identified the +8 mace of Usha {flame, rC+} (You took it off a human on level 13 of the Dungeon)
 22218 | D:13     | Found Ytiwyu Tuse's Gadget Shop.
 22721 | D:14     | Reached XP level 16. HP: 98/124 MP: 30/30
 23351 | D:15     | Entered Level 15 of the Dungeon
 23905 | D:15     | Cast into level 2 of the Abyss (a wizard)
 23943 | D:15     | Escaped the Abyss
 24009 | D:15     | Found a staircase to the Depths.
 24335 | D:15     | Learned a level 5 spell: Fireball
 24987 | Elf:1    | Entered Level 1 of the Elven Halls
 25114 | Elf:1    | Cast into level 2 of the Abyss (a deep elf demonologist)
 25222 | Abyss:2  | Noticed a tentacled starspawn
 25233 | Abyss:2  | Killed a tentacled starspawn
 25233 | Abyss:2  | Received a gift from Okawaru
 25259 | Abyss:2  | Paralysed by accursed screaming for 2 turns
 25420 | Abyss:2  | Received a gift from Okawaru
 25430 | Abyss:2  | Found a stormy altar of Qazlal.
 25453 | Abyss:2  | Got an ancient great mace
 25649 | Abyss:2  | Identified the +5 great mace "Yshem" {crush, Str+3} (You found it on level 2 of the Abyss)
 25676 | Elf:1    | Escaped the Abyss
 25679 | Elf:1    | Noticed an Executioner
 25853 | Elf:1    | Cast into level 3 of the Abyss (a deep elf demonologist)
 25858 | Elf:1    | Escaped the Abyss
 25864 | Elf:1    | Reached skill level 10 in Hexes
 25988 | Elf:1    | Identified the Collected Works on the Entourage
 26025 | Elf:1    | Identified the Collected Works on Ensnaring Benedictions
 26306 | Elf:1    | Received a gift from Okawaru
 26309 | Elf:1    | Got a twisted plate armour {god gift}
 26320 | Elf:1    | Identified the +2 plate armour of Saroun {rN+ Dex+2 Stlth+} (Okawaru gifted it to you on level 1 of the Elven Halls)
 26872 | Elf:1    | Lost mutation: You are agile. (Dex +2) [potion of mutation]
 26872 | Elf:1    | Lost mutation: You are somewhat resistant to further mutation. [potion of mutation]
 26872 | Elf:1    | Lost mutation: You are partially covered in slimy green scales. (AC +2) [potion of mutation]
 26872 | Elf:1    | Gained mutation: You are weak. (Str -2) [potion of mutation]
 26872 | Elf:1    | Gained mutation: You are agile. (Dex +2) [potion of mutation]
 26872 | Elf:1    | Lost mutation: You are weak. (Str -2) [potion of mutation]
 26872 | Elf:1    | Gained mutation: You are resistant to hostile enchantments. (MR+) [potion of mutation]
 26873 | Elf:1    | Lost mutation: You are resistant to hostile enchantments. (MR+) [potion of mutation]
 26873 | Elf:1    | Lost mutation: You are agile. (Dex +2) [potion of mutation]
 26873 | Elf:1    | Gained mutation: You are partially covered in molten scales. (AC +2) [potion of mutation]
 26873 | Elf:1    | Gained mutation: Scrolls take you a little longer to read. [potion of mutation]
 26873 | Elf:1    | Gained mutation: Your spells are a little easier to cast, but a little less powerful. [potion of mutation]
 26873 | Elf:1    | Gained mutation: You expend magic power (3 MP) to strengthen your wands. [potion of mutation]
 27013 | Depths:1 | Entered Level 1 of the Depths
 27239 | Depths:1 | Paralysed by a great orb of eyes for 5 turns
 27247 | Depths:1 | Noticed a sphinx
 27256 | Depths:1 | HP: 3/125 [cyan ugly thing[a boggart] (17)]
 27256 | Depths:1 | Slain by a red ugly thing

Vault maps used:
D:1:      dpeg_arrival_tiny_g
D:2:      nicolae_overflow_hidden_temple, minitemple, first_ration,
          minmay_small_reverse_x, uniq_jessica
D:3:      gup_sewer_entry_glass
D:4:      serial_shops, kennysheep_mini_moat, uniq_crazy_yiuf_cottage,
          uniq_blork_the_orc
D:5:      lemuel_doored_altar, uniq_ijyb
D:7:      cheibriados_altar_1, makhleb_altar_promises_db,
          minmay_temple_entry_poolview, nicolae_ossuary_entry_monument,
          corexii_leaking_fountain
D:8:      uniq_joseph
D:9:      minmay_lair_entry_lava, basic_altar, serial_shops,
          nicolae_shop_waterfront
D:10:     minmay_diamond_stairs, enter_trove_0, hangedman_pestilent_swarm,
          lemuel_statue_altar
D:11:     orc_0_dummy
D:12:     cheibrodos_barr_body, uniq_nessos, uniq_kirke
D:13:     grunt_vaults_entry_fortified, serial_shops, kennysheep_mini,
          minmay_misc_feat_square, minivault_24, uniq_snorg
D:14:     dk_noncrumbling_3, minivault_1
D:15:     grunt_enter_depths_magical_seal, serial_park_gazebo
Temple:   eino_wide_crystal_templ
Lair:1:   serial_bayou_shore_b
Lair:3:   elwin_shoals_entry_rooms, grunt_megastairs_1,
          infiniplex_staircase_pool, minmay_lair_oklob_chamber
Lair:4:   dummy_snake_entry, minivault_19, kennysheep_snail_temple,
          grunt_megastairs_5
Lair:5:   slime_altar_1, lab_entry_generic, minivault_27
Lair:6:   evilmike_catoblepas_cave, lemuel_fruit_tree, uniq_josephine
Orc:1:    basic_altar, nicolae_alphabet_shops
Orc:2:    st_orc_town, nicolae_orc_lost_temple, uniq_rupert, uniq_erolcha
Elf:1:    evilmike_minifort, minmay_misc_feat_diagonals, minmay_misc_feat_alley,
          minmay_elf_demonology
Depths:1: enter_ziggurat_f, columned_hall_lemuel, hell_entry,
          minmay_misc_feat_five, xom_teletrap_fun
Abyss:3:  evilmike_abyss_rune_ettins
Lab:      labyrinth_mini_lab, labyrinth_skeletal_remains, nicolae_lab_do_over,
          nicolae_lab_lava, lab_block, nicolae_lab_garden
Sewer:    kennysheep_pipe_town
Ossuary:  minmay_ossuary_gauntlet

Skill      XL: |  1  2  3  4  5  6  7  8  9 10 11 12 13 14 15 16 |
---------------+-------------------------------------------------+-----
Invocations    | 1 2 3 4 5 6 7 8 9 10 11 | 11.9
Short Blades   | 1 2 3 4 5 6 7 8 9 10 11 | 11.0
Axes           | 1 2 3 4 5 6 7 8 9 10 11 | 11.0
Maces & Flails | 1 2 3 4 5 6 7 8 9 10 11 | 11.0
Polearms       | 1 2 3 4 5 6 7 8 9 10 11 | 11.0
Staves         | 1 2 3 4 5 6 7 8 9 10 11 | 11.0
Slings         | 1 2 3 4 5 6 7 8 9 10 11 | 11.0
Bows           | 1 2 3 4 5 6 7 8 9 10 11 | 11.0
Crossbows      | 1 2 3 4 5 6 7 8 9 10 11 | 11.0
Armour         | 1 2 3 4 5 6 7 8 9 10 11 | 11.0
Unarmed Combat | 1 2 3 4 5 6 7 8 9 10 11 | 11.0
Evocations     | 1 2 3 4 5 6 7 8 9 10 11 | 11.0
Spellcasting   | 3 4 5 6 7 8 9 10 11 | 11.3
Conjurations   | 1 2 3 4 5 6 7 8 9 |  9.3
Charms         | 1 2 3 4 5 6 7 8 9 |  9.3
Summonings     | 1 2 3 4 5 6 7 8 9 |  9.3
Necromancy     | 1 2 3 4 5 6 7 8 9 |  9.3
Translocations | 1 2 3 4 5 6 7 8 9 |  9.3
Transmutations | 1 2 3 4 5 6 7 8 9 |  9.3
Fire Magic     | 1 2 3 4 5 6 7 8 9 |  9.3
Ice Magic      | 1 2 3 4 5 6 7 8 9 |  9.3
Air Magic      | 1 2 3 4 5 6 7 8 9 |  9.3
Earth Magic    | 1 2 3 4 5 6 7 8 9 |  9.3
Poison Magic   | 1 2 3 4 5 6 7 8 9 |  9.3
Fighting       | 3 4 5 6 7 8 9 10 11 | 11.3
Throwing       | 3 4 5 6 7 8 9 10 11 | 11.3
Dodging        | 3 4 5 6 7 8 9 10 11 | 11.3
Shields        | 3 4 5 6 7 8 9 10 11 | 11.3
Hexes          | 4 5 6 7 8 9 10 | 10.1
Stealth        | 3 4 5 6 7 8 9 10 11 | 11.2
Long Blades    | 5 6 7 8 9 10 11 | 11.8

Action                   |  1- 3 |  4- 6 |  7- 9 | 10-12 | 13-15 | 16-18 || total
-------------------------+-------+-------+-------+-------+-------+-------++-------
Melee: Dagger            |   100 |   232 |    83 |       |       |       ||   415
       Bite              |     5 |    30 |    42 |   111 |   231 |   118 ||   537
       Punch             |       |     1 |     2 |       |       |       ||     3
       Quarterstaff      |       |       |   285 |   761 |       |       ||  1046
       War axe           |       |       |     6 |       |       |       ||     6
       Triple sword      |       |       |       |    25 |   899 |   430 ||  1354
 Fire: Shortbow          |       |       |       |       |   184 |       ||   184
 Cast: Fireball          |       |       |       |       |       |     1 ||     1
Invok: Heroism           |       |       |       |     7 |    15 |    11 ||    33
       Finesse           |       |       |       |     3 |     5 |       ||     8
  Use: Scroll            |       |    11 |    10 |     7 |    16 |     7 ||    51
       Potion            |       |     1 |       |     6 |     4 |    21 ||    32
 Stab: Sleeping          |     4 |     8 |    15 |    16 |    30 |     4 ||    77
       Distracted        |     2 |       |     2 |     4 |    11 |     4 ||    23
       Confused          |       |       |     1 |     1 |       |       ||     2
       Petrifying        |       |       |     1 |       |       |       ||     1
       Paralysed         |       |       |       |    10 |       |       ||    10
       Petrified         |       |       |       |       |     1 |       ||     1
  Eat: Chunk             |       |     6 |     9 |    18 |    35 |     7 ||    75
       Ration            |       |       |     2 |       |     1 |     3 ||     6
Armor: Troll leather arm |    27 |     1 |   103 |   191 |   375 |   197 ||   894
       Leather armour    |       |    29 |    14 |       |       |       ||    43
       Crystal plate arm |       |       |       |       |    27 |       ||    27
Dodge: Dodged            |    83 |   207 |   368 |   740 |  1349 |   550 ||  3297
Block: Other             |       |       |       |    25 |       |     6 ||    31
       Reflection        |       |       |       |     1 |       |       ||     1
       Rpst.: Triple sword |       |       |       |     9 |   263 |   144 ||   416

Table legend:
 A = Spawn XP
 B = Non-spawn XP
 C = Spawn XP percentage of total XP
 D = Spawn monster count
 E = Non-spawn monster count
 F = Spawn count percentage of total count
 G = Total turns spent on level
                    A         B        C        D         E        F      G
               +---------+---------+-------+---------+---------+-------+---------
         Total |    6959 |  173307 |   3.9 |      19 |     850 |   2.2 | 27256
               +---------+---------+-------+---------+---------+-------+---------
           D:1 |       0 |      23 |   0.0 |       0 |      17 |   0.0 |   694
           D:2 |       0 |     114 |   0.0 |       0 |      21 |   0.0 |   727
           D:3 |       0 |      99 |   0.0 |       0 |      32 |   0.0 |  1047
           D:4 |       0 |     706 |   0.0 |       0 |      18 |   0.0 |  1091
           D:5 |       0 |     669 |   0.0 |       0 |      19 |   0.0 |   570
           D:6 |       0 |     574 |   0.0 |       0 |      26 |   0.0 |   450
           D:7 |       0 |    1760 |   0.0 |       0 |      31 |   0.0 |   999
           D:8 |       0 |    3985 |   0.0 |       0 |      42 |   0.0 |  1132
           D:9 |       0 |    1967 |   0.0 |       0 |      17 |   0.0 |   912
          D:10 |       0 |    6021 |   0.0 |       0 |      55 |   0.0 |  1325
          D:11 |       0 |    5943 |   0.0 |       0 |      42 |   0.0 |  1069
          D:12 |       0 |   13191 |   0.0 |       0 |      46 |   0.0 |   903
          D:13 |       0 |   10998 |   0.0 |       0 |      33 |   0.0 |  1248
          D:14 |       0 |    5324 |   0.0 |       0 |      25 |   0.0 |  1025
          D:15 |       0 |   16367 |   0.0 |       0 |      33 |   0.0 |  1476
        Lair:1 |       0 |    5050 |   0.0 |       0 |      23 |   0.0 |  1063
        Lair:2 |       0 |    6393 |   0.0 |       0 |      20 |   0.0 |   948
        Lair:3 |       0 |    8977 |   0.0 |       0 |      29 |   0.0 |  1171
        Lair:4 |       0 |    7240 |   0.0 |       0 |      20 |   0.0 |   642
        Lair:5 |       0 |    6764 |   0.0 |       0 |      25 |   0.0 |  1412
        Lair:6 |       0 |   23702 |   0.0 |       0 |      64 |   0.0 |  1591
         Orc:1 |       0 |    2848 |   0.0 |       0 |      25 |   0.0 |   997
         Orc:2 |       0 |   16081 |   0.0 |       0 |      84 |   0.0 |  1772
         Elf:1 |       0 |   16138 |   0.0 |       0 |      28 |   0.0 |  1335
      Depths:1 |       0 |    3324 |   0.0 |       0 |       3 |   0.0 |   128
       Abyss:2 |    6959 |    5938 |  54.0 |      19 |      26 |  42.2 |   600
           Lab |       0 |    2754 |   0.0 |       0 |       6 |   0.0 |   354
         Sewer |       0 |     229 |   0.0 |       0 |      24 |   0.0 |   351
       Ossuary |       0 |     128 |   0.0 |       0 |      16 |   0.0 |   144
               +---------+---------+-------+---------+---------+-------+---------
